 Dungeon Crawl Stone Soup version 0.31.0-11-ge490571c62 (webtiles) character file.

Game seed: 9727927937954676197

269250 gohu the Warrior (level 20, -10/136 HPs)
             Began as a Gargoyle Fighter on Jan 25, 2024.
             Was the Champion of Okawaru.
             Mangled by a +1 halberd of protection (26 damage)
             ... animated by Zenata
             ... on level 1 of the Vaults on Jan 26, 2024.
             The game lasted 01:49:20 (33809 turns).

gohu the Warrior (Gargoyle Fighter)                Turns: 33809, Time: 01:49:21

Health: -10/136    AC: 39    Str: 44    XL:     20   Next: 17%
Magic:  28/28      EV: 12    Int:  6    God:    Okawaru [******]
Gold:   2709       SH: 13    Dex:  7    Spells: 19/19 levels left

rFire   + + .        k - +8 demon whip (elec)
rCold   . . .        V - +0 kite shield
rNeg    + + +        g - +5 fire dragon scales "Pyus" {rElec rF++ rC- rN++ Str+3 Int-3}
rPois   ∞            E - +0 helmet
rElec   +            F - scarf {repulsion}
rCorr   .            K - +1 pair of gloves of Okawaru's Indignation {Str+3}
SInv    +            x - +0 pair of boots {Fly}
Will    +....        C - amulet "Kidaotes" {Regen+ Slay+3} Stlth
                     U - ring of Law {rElec rC+ Str+3 Dex-2 SInv}
HPRegen 1.22/turn    f - +6 ring of strength
MPRegen 0.21/turn

%: repel missiles
@: about to teleport, marked, flying
A: sickness immunity, AC +15, big wings, negative energy resistance 1,
electricity resistance, torment resistance 1, petrification resistance
}: 2/15 runes: decaying, gossamer
a: Renounce Religion, Heroism, Finesse, Duel


You were on level 1 of the Vaults.
You worshipped Okawaru.
Okawaru was exalted by your worship.
You visited 7 branches of the dungeon, and saw 33 of its levels.
You also visited: Bailey and Ice Cave.

You collected 3274 gold pieces.
You spent 565 gold pieces at shops.

Inventory:

Hand Weapons
 k - a +8 demon whip of electrocution (weapon)
Missiles
 l - 15 javelins
 s - 12 boomerangs (quivered)
 T - 22 silver javelins
Armour
 g - the +5 fire dragon scales "Pyus" (worn) {rElec rF++ rC- rN++ Str+3 Int-3}
   (Okawaru gifted it to you on level 2 of the Lair of Beasts)

   Str+3:     It affects your strength (+3).
   Int-3:     It affects your intelligence (-3).
   rF++:      It greatly protects you from fire.
   rC-:       It makes you vulnerable to cold.
   rElec:     It insulates you from electricity.
   rN++:      It greatly protects you from negative energy.
 v - a +0 tower shield
 x - a +0 pair of boots of flying (worn)
 z - a +2 cloak
 E - a +0 helmet (worn)
 F - a scarf of repulsion (worn)
 K - the +1 pair of gloves of Okawaru's Indignation (worn) {Str+3}
   (You acquired it in a bailey)

   Str+3:     It affects your strength (+3).
 V - a +0 kite shield (worn)
Jewellery
 c - a +4 ring of protection
 f - a +6 ring of strength (right hand)
 o - a ring of protection from cold
 u - an amulet of reflection
 B - a ring of protection from fire
 C - the amulet "Kidaotes" (around neck) {Regen+ Slay+3}
   (You found it on level 3 of the Lair of Beasts)

   [amulet of regeneration]

   Slay+3:    It affects your accuracy & damage with ranged weapons and melee
   (+3).
   Regen+:    It increases your rate of health regeneration.
 O - a ring of willpower
 U - the ring of Law (left hand) {rElec rC+ Str+3 Dex-2 SInv}
   (You found it in an ice cave)

   [ring of protection from cold]

   Str+3:     It affects your strength (+3).
   Dex-2:     It affects your dexterity (-2).
   rC+:       It protects you from cold.
   rElec:     It insulates you from electricity.
   SInv:      It lets you see invisible.
 X - a ring of see invisible
Wands
 b - a wand of digging (9)
 j - a wand of light (12)
 t - a wand of polymorph (21)
 w - a wand of roots (42)
 J - a wand of flame (68)
 Z - a wand of paralysis (12)
Scrolls
 e - 2 scrolls of immolation
 h - 2 scrolls of revelation
 p - 16 scrolls of teleportation
 r - 3 scrolls of fear
 y - 3 scrolls of poison
 A - 9 scrolls of enchant armour
 G - 7 scrolls of noise
 I - 2 scrolls of silence
 P - 3 scrolls of blinking
 Q - 4 scrolls of amnesia
 R - 9 scrolls of identify
 S - 2 scrolls of fog
Potions
 a - 3 potions of haste
 d - 3 potions of enlightenment
 n - 8 potions of curing
 q - 5 potions of cancellation
 D - 6 potions of resistance
 H - 7 potions of mutation
 L - 7 potions of might
 M - 5 potions of invisibility
 W - a potion of berserk rage
 Y - 3 potions of lignification
Miscellaneous
 i - a lightning rod (4/4)
 N - a phial of floods


   Skills:
 - Level 18.3 Fighting
 + Level 16.5 Maces & Flails
 - Level 12.0 Throwing
 - Level 15.0 Armour
 - Level 7.3 Dodging
 * Level 18.0 Shields
 * Level 11.8 Invocations
 - Level 2.4 Evocations


You had 19 spell levels left.
You didn't know any spells.
Your spell library contained the following spells:

 Spells                   Type           Power      Damage    Failure   Level
 Foxfire                  Conj/Fire      0%         2x1d4     67%         1
 Kiss of Death            Conj/Necr      0%         2d5       67%         1
 Magic Dart               Conj           0%         1d3       67%         1
 Ensorcelled Hibernation  Hex/Ice        0%         N/A       80%         2
 Jinxbite                 Hex            0%         N/A       80%         2
 Lesser Beckoning         Tloc           0%         N/A       80%         2
 Searing Ray              Conj           0%         2d4       80%         2
 Confusing Touch          Hex            0%         N/A       95%         3
 Frozen Ramparts          Ice            0%         1d1       95%         3
 Fugue of the Fallen      Necr           0%         N/A       95%         3
 Gell's Gravitas          Tloc           0%         N/A       95%         3
 Hailstorm                Conj/Ice       0%         3d5       95%         3
 Ozocubu's Armour         Ice            0%         N/A       95%         3
 Stone Arrow              Conj/Erth      0%         3d7       95%         3
 Teleport Other           Tloc           0%         N/A       95%         3
 Anguish                  Hex/Necr       0%         N/A       100%        4
 Dimensional Bullseye     Hex/Tloc       0%         N/A       100%        4
 Dispel Undead            Necr           0%         3d6       100%        4
 Fulminant Prism          Conj/Alch      0%         3d5       100%        4
 Ignite Poison            Fire/Alch      0%         N/A       100%        4
 Iskenderun's Mystic Bla  Conj/Tloc      0%         2d3       100%        4
 Leda's Liquefaction      Alch/Erth      0%         N/A       100%        4
 Manifold Assault         Tloc           0%         N/A       100%        4
 Petrify                  Alch/Erth      0%         N/A       100%        4
 Vhi's Electric Charge    Tloc/Air       0%         N/A       100%        4
 Arcjolt                  Conj/Air       0%         1d10      100%        5
 Freezing Cloud           Conj/Ice/Air   0%         6-21      100%        5
 Metabolic Englaciation   Hex/Ice        0%         N/A       100%        5
 Yara's Violent Unravell  Hex/Alch       0%         3d3       100%        5
 Dispersal                Tloc           0%         N/A       100%        6
 Plasma Beam              Fire/Air       0%         2x1d10    100%        6
 Starburst                Conj/Fire      0%         6d3       100%        6
 Enfeeble                 Hex            0%         N/A       100%        7
 Lehudib's Crystal Spear  Conj/Erth      0%         10d2      100%        8
 Cigotuvi's Dreadful Rot  Necr/Alch/Air  Unusable   N/A       N/A         2
 Summon Ice Beast         Ice/Summ       Unusable   N/A       N/A         3
 Tukima's Dance           Hex            Unusable   N/A       N/A         3
 Animate Armour           Summ/Erth      Unusable   N/A       N/A         4
 Sculpt Simulacrum        Ice/Alch       Unusable   N/A       N/A         6

Dungeon Overview and Level Annotations

Branches:
Dungeon (15/15)            Temple (1/1) D:7            Lair (5/5) D:8
  Swamp (4/4) Lair:3       Spider (4/4) Lair:2        Slime (0/5) Lair:4
    Orc (2/2) D:11            Elf (0/3) Orc:2        Vaults (2/5) D:13
 Depths (0/4) D:15         Bailey (visited)           IceCv (visited)
  Crypt: Vaults:2-3

Altars:
Ashenzari
Cheibriados
Dithmenos
Elyvilon
Fedhas
Gozag
Hepliaklqana
Kikubaaqudgha
Makhleb
Nemelex Xobeh
Okawaru
Qazlal
Ru
Sif Muna
Trog
Uskayaw
Vehumet
Wu Jian
Xom
Yredelemnul
Zin
The Shining One

Shops:
D:4 :[   D:5 :   D:12 (   D:13 :   Orc:1 [   Orc:2 [([:

Annotations:
D:2 exclusion: downstairs
Swamp:1 1 runed translucent door, Luthien's ghost, journeyman DECj
Vaults:1 Zenata


Innate Abilities, Weirdness & Mutations

You are immune to sickness and miasma.
Your stone body is resilient. (AC +15)
You are immune to poison.
Your large and strong wings let you fly.
You resist negative energy. (rN+)
You are resistant to electric shocks. (rElec)
You are resistant to unholy torment.
You are immune to petrification.


Message History

You block the +0 scimitar of electrocution's attack.
You block the +1 war axe of venom's attack.
You block the +0 scimitar of electrocution's attack.
The +1 halberd of protection hits you from afar.
* * * LOW HITPOINT WARNING * * *
The +0 scimitar of electrocution hits you.
* * * LOW HITPOINT WARNING * * *
The +1 war axe of venom hits you but does no damage.
There is a stone staircase leading down here.
You can't go up here!
Blink to where?
Press: ? - help, Dir - move target
As you read the scroll of blinking, it crumbles to dust.
Okay, then.
Blink to where?
Press: ? - help, Dir - move target
As you read the scroll of blinking, it crumbles to dust.
As you read the scroll of teleportation, it crumbles to dust.
You feel strangely unstable.
A dire elephant comes into view.
Your surroundings suddenly seem different.
As you read the scroll of teleportation, it crumbles to dust.
You feel strangely unstable.
The +1 halberd of protection hits you but does no damage.
You feel better.
The +0 scimitar of electrocution closely misses you.
You block the +1 halberd of protection's attack.
The +0 scimitar of electrocution hits you!
* * * LOW HITPOINT WARNING * * *
You block the +1 war axe of venom's attack.
The +1 halberd of protection hits you but does no damage. x2
The +0 scimitar of electrocution hits you but does no damage.
The +1 war axe of venom hits you.
* * * LOW HITPOINT WARNING * * *
You thrash the +0 scimitar of electrocution!!
You destroy the +0 scimitar of electrocution!
The +0 scimitar of electrocution disappears in a puff of smoke!
The +1 halberd of protection disappears in a puff of smoke!
The +1 halberd of protection hits you from afar!!
You die...

#.......#.......#.......#
#.......#.......#...>...#
#.......'.......'..(....#
####'####.......k.......#
...# #.......#.......#
...... #.......####'####
#.#.Y#. ##.....(§# ... #
#.. #..')...(§.# #... #.
####.....@.# #...
######### ## .+ .#


You could see a lindwurm and 2 dancing weapons.

Vanquished Creatures
  Saint Roka (Orc:2)
  Nikola (Spider:4)
  Arachne (Spider:4)
  2 Ice Fiends (IceCv)
  Asterion (Vaults:1)
  Gastronok (D:10)
  A sphinx (Vaults:2)
  Frances (Swamp:1)
  A thorn hunter (Swamp:3)
  2 fenstrider witches
  4 emperor scorpions
  Louise (Spider:3)
  3 ghost moths
  2 vault wardens (Vaults:1)
  2 broodmothers
  5 orc warlords
  6 ironbound preservers
  2 ironbound thunderhulks
  9 eleionomae
  9 dire elephants
  The ghost of Wemm the Imperceptible, a journeyman SpEn of Gozag (D:13)
  2 spark wasps
  6 bunyips
  2 merfolk impalers (D:13)
  A shambling mangrove (Swamp:2)
  The ghost of Soafo the Nimble, a journeyman SpBe of Trog (Lair:3)
  3 yaktaur captains
  9 vault guards
  2 entropy weavers (Spider:3)
  3 great orbs of eyes
  25 hydras
  Fannar (D:12)
  12 alligators
  3 caustic shrike simulacra (IceCv)
  An ice dragon (Lair:5)
  2 spriggan air magi (Swamp:3)
  4 ironbound frosthearts (Vaults:2)
  Erica (D:9)
  An ogre mage (D:15)
  2 radroaches
  13 centaur warriors
  A catoblepas (Lair:4)
  A jorogumo (Spider:2)
  A death knight (D:14)
  12 boulder beetles
  A death yak (D:13)
  6 two-headed ogres
  4 tengu warriors
  6 demonic crawlers
  A deep troll earth mage (D:15)
  Nergalle (Lair:1)
  3 skysharks
  2 orc high priests (Orc:2)
  8 skeletal warriors
  2 pharaoh ants
  4 goliath frogs
  2 arcanists
  11 orb spiders
  8 spriggan druids
  20 deep trolls
  12 swamp dragons
  2 obsidian statues (IceCv)
  5 lindwurms
  4 spriggan simulacra (Swamp:1)
  10 bog bodies
  A deep elf archer (D:15)
  A sun moth (Spider:4)
  10 ironbound convokers
  7 steelbarb worms
  A necromancer (Swamp:3)
  7 orc knights
  4 deep elf pyromancers
  6 ugly things
  A will-o-the-wisp (Swamp:4)
  17 wolf spiders
  2 cyclopes
  Maurice (D:9)
  3 manticores
  5 orc sorcerers
  4 moths of wrath
  7 meliai
  23 elephants
  2 kobold blastminers (Orc:2)
  8 vault sentinels
  5 black mambas
  10 torpor snails
  2 gargoyles (D:12)
  A rime drake (shapeshifter) (D:14)
  15 cane toads
  5 yaktaurs
  3 freezing wraiths (IceCv)
  7 rime drakes
  An efreet (D:14)
  12 komodo dragons
  2 tengu conjurers
  2 golden dragon simulacra (IceCv)
  3 anaconda simulacra
  4 trolls
  2 bloated husks (Swamp:3)
  An alligator simulacrum (IceCv)
  12 tyrant leeches
  2 polar bears
  23 blink frogs
  A wind drake (shapeshifter) (D:13)
  A blink frog (shapeshifter) (D:15)
  20 tarantellas
  5 dream sheep (Lair:4)
  11 hornets
  19 jumping spiders
  5 spriggans
  3 centaur simulacra
  17 culicivoras
  10 slime creatures
  A dire elephant simulacrum (IceCv)
  2 shadows
  A wraith (D:11)
  A vampire (D:12)
  2 water elementals (D:13)
  2 fire elementals
  4 fire bats (D:13)
  7 wyverns
  41 yaks
  5 basilisks
  4 wargs
  Menkaure (D:4)
  6 vampire mosquitoes
  3 minotaur simulacra
  25 redbacks
  A harpy simulacrum (Swamp:1)
  14 swamp worms
  2 acid dragons (D:12)
  A hell hound (D:13)
  Duvessa (D:7)
  4 hydra simulacra (IceCv)
  19 water moccasins
  46 orc warriors
  10 swamp drakes
  9 ice beasts
  A sky beast (D:6)
  2 ettin simulacra (IceCv)
  2 black bears
  12 centaurs
  8 ogres
  10 wolves
  2 kobold brigands
  13 bullfrogs
  5 scorpions
  2 gnoll sergeants
  A deep troll simulacrum (IceCv)
  6 wights
  Dowan (D:7)
  5 killer bees (Lair:2)
  8 electric eels
  4 howler monkeys
  2 lava snakes (D:13)
  4 hounds
  2 jellies (D:6)
  34 orc priests
  Natasha (thrice) (D:3)
  4 iguanas
  27 orc wizards
  18 gnolls
  6 adders
  2 shadow imps
  3 white imps
  An ufetubus (D:13)
  2 ribbon worms
  112 orcs
  4 bats
  8 endoplasms
  6 giant cockroaches
  9 goblins
  7 hobgoblins
  9 jackals
  18 kobolds
  8 quokkas
  5 ball pythons
  2 frilled lizards
  2 rats (D:2)
  A spectral kobold (D:5)
1184 creatures vanquished.

Vanquished Creatures (others)
  A bloated husk (Swamp:1)
  2 culicivoras
  2 orc wizards (D:6)
  3 orcs (Orc:1)
8 creatures vanquished.

Grand Total: 1192 creatures vanquished

Notes
Turn   | Place    | Note
-------+----------+-------------------------------------------
     0 | D:1      | gohu the Gargoyle Fighter began the quest for the Orb.
     0 | D:1      | Reached XP level 1. HP: 14/14 MP: 1/1
   142 | D:1      | Reached XP level 2. HP: 17/19 MP: 2/2
  1019 | D:3      | Reached XP level 3. HP: 13/23 MP: 3/3
  1187 | D:3      | Noticed an ogre
  1358 | D:2      | Reached XP level 4. HP: 27/29 MP: 4/4
  1689 | D:3      | Found a glowing silver altar of Zin.
  1836 | D:4      | Reached XP level 5. HP: 30/33 MP: 5/5
  1870 | D:4      | Found Zaizuz's Book Emporium.
  1900 | D:4      | Noticed a water moccasin
  1926 | D:4      | Killed a water moccasin
  1927 | D:4      | Reached skill level 5 in Maces & Flails
  1927 | D:4      | Reached XP level 6. HP: 38/38 MP: 6/6
  2018 | D:4      | Noticed Menkaure
  2032 | D:4      | Killed Menkaure
  2049 | D:4      | Reached XP level 7. HP: 32/43 MP: 7/7
  2154 | D:5      | Entered Level 5 of the Dungeon
  2298 | D:4      | Found Tusaf's Antique Armour Shoppe.
  2303 | D:4      | Bought a runed cloak for 180 gold pieces
  2588 | D:5      | Found a radiant altar of Vehumet.
  2604 | D:5      | Found Oblau's Book Shop.
  2654 | D:5      | Found a burning altar of Makhleb.
  2720 | D:5      | Found a blossoming altar of Fedhas.
  3051 | D:5      | Found a hazy altar of Hepliaklqana.
  3110 | D:5      | Noticed a cacodemon
  3113 | D:5      | Noticed a ynoxinul
  3113 | D:5      | Noticed an orange demon
  3251 | D:5      | Found an ancient bone altar of Kikubaaqudgha.
  3712 | D:6      | Reached skill level 5 in Armour
  3712 | D:6      | Reached XP level 8. HP: 42/48 MP: 8/8
  3744 | D:7      | Found a staircase to the Ecumenical Temple.
  3750 | Temple   | Entered the Ecumenical Temple
  3758 | Temple   | Became a worshipper of Warmaster Okawaru
  4008 | D:4      | Bought a helmet for 108 gold pieces
  4285 | D:3      | Noticed Natasha
  4299 | D:3      | Killed Natasha
  4396 | D:3      | Found a white marble altar of Elyvilon.
  4544 | D:3      | Noticed Natasha
  4553 | D:3      | Killed Natasha
  4669 | D:3      | Noticed Natasha
  4679 | D:3      | Killed Natasha
  4931 | D:6      | Identified the +0 hat of Virtue {Int+7}
  5297 | D:6      | Reached * piety under Okawaru
  5378 | D:6      | Reached XP level 9. HP: 51/53 MP: 9/9
  5555 | D:6      | Reached skill level 5 in Fighting
  5812 | D:7      | Reached ** piety under Okawaru
  5813 | D:7      | Reached skill level 5 in Shields
  5865 | D:7      | Noticed a komodo dragon
  5883 | D:7      | Killed a komodo dragon
  5936 | D:7      | Noticed Dowan
  5936 | D:7      | Noticed Duvessa
  5942 | D:7      | Killed Dowan
  5949 | D:7      | Killed Duvessa
  5950 | D:7      | Reached skill level 1 in Throwing
  6050 | D:8      | Found a flagged portal.
  6060 | Bailey   | Entered a bailey
  6296 | Bailey   | Acquired the +1 pair of gloves of Okawaru's Indignation
                  | {Str+3}
  6522 | D:8      | Reached skill level 1 in Invocations
  7095 | D:8      | Found a staircase to the Lair.
  7095 | D:8      | Noticed a rime drake
  7119 | D:8      | Killed a rime drake
  7120 | D:8      | Reached XP level 10. HP: 17/63 MP: 9/11
  7795 | D:10     | Entered Level 10 of the Dungeon
  7975 | D:9      | Noticed Maurice
  8011 | D:9      | Something stole 159 gold
  8052 | D:9      | Maurice stole a ring of magical power
  8053 | D:9      | Maurice stole 4 silver javelins
  8064 | D:9      | Something stole 102 gold
  8066 | D:9      | Killed Maurice
  8385 | D:9      | Noticed Erica
  8429 | D:9      | Killed Erica
  8429 | D:9      | Reached *** piety under Okawaru
  8818 | D:10     | Noticed a two-headed ogre
  8833 | D:10     | Killed a two-headed ogre
  8833 | D:10     | Reached **** piety under Okawaru
  8834 | D:10     | Reached XP level 11. HP: 71/71 MP: 12/14
  8931 | D:10     | Reached skill level 5 in Invocations
  9322 | D:10     | Noticed Gastronok
  9355 | D:10     | Killed Gastronok
  9356 | D:10     | Reached skill level 10 in Maces & Flails
  9519 | D:10     | Found a shimmering blue altar of Sif Muna.
  9533 | D:10     | Reached ***** piety under Okawaru
 10237 | Lair:1   | Entered Level 1 of the Lair of Beasts
 10274 | Lair:1   | Received a gift from Okawaru
 10385 | Lair:1   | Reached skill level 10 in Armour
 10869 | Lair:1   | Reached XP level 12. HP: 77/77 MP: 15/15
 10906 | Lair:1   | Noticed Nergalle
 10922 | Lair:1   | Killed Nergalle
 10922 | Lair:1   | Received a gift from Okawaru
 10923 | Lair:1   | Reached skill level 10 in Fighting
 11167 | Lair:3   | Found a transporter.
 11170 | Lair:2   | Noticed a skyshark
 11187 | Lair:2   | Killed a skyshark
 11290 | Lair:2   | Found a hole to the Spider Nest.
 11755 | Lair:2   | Received a gift from Okawaru
 11760 | Lair:2   | Reached ****** piety under Okawaru
 11764 | Lair:2   | Acquired a +3 demon whip of electrocution
 11764 | Lair:2   | Received a gift from Okawaru
 11773 | Lair:2   | Acquired the +5 fire dragon scales "Pyus" {rElec rF++ rC-
                  | rN++ Str+3 Int-3}
 11773 | Lair:2   | Received a gift from Okawaru
 11970 | Lair:2   | Noticed a skyshark
 11978 | Lair:2   | Killed a skyshark
 12347 | Lair:2   | Received a gift from Okawaru
 12688 | Lair:3   | Reached skill level 1 in Dodging
 12688 | Lair:3   | Reached XP level 13. HP: 58/84 MP: 16/16
 12914 | Lair:3   | Identified the +1 robe "Gydumocy" {rElec}
 13063 | Lair:3   | Noticed Soafo's ghost (journeyman SpBe)
 13077 | Lair:3   | Found a transporter.
 13158 | Lair:3   | Killed Soafo's ghost
 13158 | Lair:3   | Received a gift from Okawaru
 13175 | Lair:3   | Identified the amulet "Kidaotes" {Regen+ Slay+3}
 13697 | Lair:3   | Found a staircase to the Swamp.
 14198 | Lair:4   | Found a staircase to the Slime Pits.
 14254 | Lair:5   | Entered Level 5 of the Lair of Beasts
 14298 | Lair:4   | Received a gift from Okawaru
 14438 | Lair:4   | Reached skill level 5 in Throwing
 15071 | Lair:5   | Gained mutation: Your large and strong wings let you fly.
                  | [Gargoyle growth]
 15071 | Lair:5   | Reached XP level 14. HP: 90/92 MP: 18/18
 15306 | Lair:5   | Received a gift from Okawaru
 15759 | Lair:5   | Received a gift from Okawaru
 16019 | Lair:5   | Found a snail-covered altar of Cheibriados.
 16672 | D:12     | Received a gift from Okawaru
 17008 | D:11     | Found a staircase to the Orcish Mines.
 17031 | Orc:1    | Entered Level 1 of the Orcish Mines
 17129 | Orc:1    | Found Waosh's Armour Shop.
 17221 | Orc:1    | Noticed an orc warlord
 17327 | D:11     | Killed an orc warlord
 17350 | Orc:1    | Reached skill level 5 in Dodging
 17780 | Orc:2    | Entered Level 2 of the Orcish Mines
 17781 | Orc:2    | Found a staircase to the Elven Halls.
 17853 | Orc:2    | Noticed an orc warlord
 17872 | Orc:1    | Reached XP level 15. HP: 101/101 MP: 19/19
 17901 | Orc:1    | Killed an orc warlord
 17902 | Orc:1    | Reached skill level 15 in Fighting
 18080 | Orc:2    | Noticed Saint Roka
 18119 | Orc:2    | Killed Saint Roka
 18132 | Orc:2    | Received a gift from Okawaru
 18180 | Orc:2    | Found Gizay's Antique Armour Shoppe.
 18182 | Orc:2    | Found Minamn's Antique Weapon Emporium.
 18197 | Orc:2    | Bought a glowing cloak for 277 gold pieces
 18494 | Orc:2    | Found Zaplon's Book Shoppe.
 18623 | Orc:2    | Found Focet's Armour Shop.
 19195 | D:12     | Noticed Fannar
 19205 | D:12     | Killed Fannar
 19421 | D:12     | Found Weopp's Antique Weapon Shop.
 19501 | D:12     | Received a gift from Okawaru
 19663 | D:13     | Found a runed translucent gate.
 19664 | D:13     | Found a runed translucent gate.
 19664 | D:13     | Found a runed translucent gate.
 19665 | D:13     | Noticed Wemm's ghost (journeyman SpEn)
 20252 | D:13     | Received a gift from Okawaru
 20300 | D:13     | Found Bicrebu's Book Shop.
 20307 | D:13     | Found a gate to the Vaults.
 20615 | D:13     | Found an iron altar of Okawaru.
 20641 | D:13     | Reached XP level 16. HP: 104/112 MP: 12/20
 20651 | D:13     | Killed Wemm's ghost
 20651 | D:13     | Received a gift from Okawaru
 20669 | D:13     | Identified the +11 glaive of Bursted Punishment {venom,
                  | rN+}
 20895 | D:15     | Entered Level 15 of the Dungeon
 22300 | D:15     | Found a staircase to the Depths.
 22331 | D:15     | Received a gift from Okawaru
 23021 | D:15     | Upgraded the game from 0.31.0-10-gcf4a605ca0 to
                  | 0.31.0-11-ge490571c62
 23211 | Spider:1 | Entered Level 1 of the Spider Nest
 23632 | Spider:2 | Received a gift from Okawaru
 23924 | Spider:2 | Reached skill level 10 in Shields
 24196 | Spider:2 | Received a gift from Okawaru
 24248 | Spider:2 | Reached XP level 17. HP: 120/120 MP: 22/22
 25366 | Spider:3 | Received a gift from Okawaru
 25482 | Spider:4 | Entered Level 4 of the Spider Nest
 25566 | Spider:4 | Noticed Arachne
 25700 | Spider:3 | Reached skill level 1 in Evocations
 25786 | Spider:3 | Noticed Louise
 25794 | Spider:3 | Killed Louise
 26495 | Swamp:1  | Entered Level 1 of the Swamp
 26497 | Swamp:1  | Noticed Frances
 26538 | Swamp:1  | Killed Frances
 26603 | Swamp:1  | Received a gift from Okawaru
 26619 | Swamp:1  | Found a glacial archway.
 26678 | IceCv    | Entered an ice cave
 26817 | IceCv    | Reached skill level 10 in Throwing
 27080 | IceCv    | Noticed an Ice Fiend
 27080 | IceCv    | Noticed an Ice Fiend
 27091 | IceCv    | Killed an Ice Fiend
 27094 | IceCv    | Killed an Ice Fiend
 27099 | IceCv    | Identified the ring of Law {rElec rC+ Str+3 Dex-2 SInv}
 27213 | IceCv    | Reached skill level 15 in Armour
 27437 | Swamp:1  | Received a gift from Okawaru
 27662 | Swamp:1  | Found a runed translucent door.
 27673 | Swamp:1  | Identified the +4 spear "Meumip" {flame, Dex+4}
 27695 | Swamp:1  | Noticed Luthien's ghost (journeyman DECj)
 27967 | Swamp:1  | Reached XP level 18. HP: 63/125 MP: 22/24
 28170 | Swamp:2  | Received a gift from Okawaru
 28723 | Swamp:4  | Entered Level 4 of the Swamp
 29228 | Swamp:3  | Received a gift from Okawaru
 29692 | Swamp:4  | Reached skill level 10 in Invocations
 29803 | Swamp:4  | Received a gift from Okawaru
 29996 | Swamp:4  | Got a decaying rune of Zot
 30331 | Swamp:4  | Reached skill level 15 in Maces & Flails
 30789 | Spider:4 | Noticed Nikola
 30806 | Spider:4 | Killed Nikola
 30888 | Spider:4 | Killed Arachne
 30953 | Spider:4 | Reached skill level 15 in Shields
 30964 | Spider:4 | Reached XP level 19. HP: 127/130 MP: 26/26
 31388 | Spider:4 | Got a gossamer rune of Zot
 31867 | Vaults:1 | Entered Level 1 of the Vaults
 31892 | Vaults:1 | Received a gift from Okawaru
 32654 | Vaults:1 | Noticed Asterion
 32680 | Vaults:1 | Killed Asterion
 32885 | Vaults:1 | Received a gift from Okawaru
 33036 | Vaults:1 | You are sucked into a shaft and drop 1 floor!
 33330 | Vaults:2 | Received a gift from Okawaru
 33418 | Vaults:2 | Reached XP level 20. HP: 136/136 MP: 28/28
 33732 | Vaults:1 | Noticed Zenata
 33764 | Vaults:1 | Received a gift from Okawaru
 33809 | Vaults:1 | Mangled by a +1 halberd of protection

Illustrated notes

Levels and vault maps discovered:
D:1:      roderic_crossed_star, layout_basic
D:2:      layout_basic, minmay_gold_behind_fungi
D:3:      layout_rooms, mainiacjoe_overflow_large_starburst, st_stairs_12,
          minmay_crystal_water, uniq_natasha
D:4:      layout_basic, serial_shops, nicolae_book_shop_shelving,
          shop_fountains, minivault_1, uniq_menkaure
D:5:      minmay_general_purpose_star, layout_basic, marbit_many_paths,
          fedhas_ov_isle_minmay, nicolae_hepliaklqana_monster_ancestors,
          makhleb_altar_promises_db, fiery_altar_vehumet, serial_shops, shop,
          serial_bayou_crossing
D:6:      layout_loops_corners
D:7:      layout_loops_ring, temple_fountains, uniq_duvessa
D:8:      layout_basic, hellmonk_lair_entry_icy, enter_bailey_5
D:9:      layout_roguey, chequers_decorated_corner, uniq_maurice, uniq_erica
D:10:     layout_loops_corners, kennysheep_little_box, uniq_gastronok
D:11:     layout_cave_pools, erik_orc_2
D:12:     minmay_curly_fans, layout_rooms, serial_shops,
          nicolae_shop_back_alley_shop, uniq_fannar
D:13:     layout_roguey, erik_vaults_2, serial_ice, serial_ice_n, serial_ice_f,
          serial_ice_m, serial_ice_k, serial_shops, shop,
          gammafunk_ghost_fury_of_okawaru, hangedman_incinerator
D:14:     layout_layer_cave, serial_bayou_ford_a
D:15:     hellmonk_depths_entry_around_the_bend, layout_basic
Temple:   nicolae_temple_two_arcs
Lair:1:   layout_hall_layers, chequers_serial_rivers_micro_e, fungi_pond_lemuel,
          uniq_nergalle
Lair:2:   wad_woods_structure_01, layout_regular_city,
          hellmonk_spider_entry_not_the_bees, serial_bayou_lagoon_a
Lair:3:   layout_gridlike, palyth_hydra_swamp_entry,
          gammafunk_ghost_berserking_beasts
Lair:4:   layout_small_grid, slime_entry_1, grunt_megastairs_2
Lair:5:   wormcave, layout_concentric_octagons, kennysheep_snail_temple,
          serial_bayou_shore_b
Swamp:1:  layout_falls_marsh, portal_ice_cave_entry_ice_simulacra,
          ebering_ghost_funeral_grove, nicolae_swamp_well_well_well,
          uniq_frances
Swamp:2:  nicolae_swamp_wrong_neighborhood, layout_basic_swamp,
          evilmike_swamp_ruin_house_6
Swamp:3:  nicolae_swamp_standing_stones, layout_basic_swamp,
          nicolae_swamp_reclaimed_castle, swamp_pool_1_2
Swamp:4:  swamp, layout_basic_swamp, swamp_pool_1_2, hangedman_swamp_pad,
          nicolae_swamp_alligator_family, infiniplex_staircase_pool
Spider:1: layout_spider_delve, hangedman_spider_tarantella_strand
Spider:2: layout_cave_pods
Spider:3: layout_chambers, uniq_louise
Spider:4: guppyfry_spider_rune, drop_trap, uniq_arachne, uniq_nikola
Orc:1:    layout_caves, serial_shops, nicolae_shop_advertising_works
          [nicolae_subvault_shop_adworks]
Orc:2:    grunt_orc_community_town_hall, layout_diamond_mine,
          grunt_orc_community_big_house_1, grunt_orc_community_big_house_1,
          grunt_orc_community_house_3, grunt_orc_community_house_1,
          grunt_orc_community_house_3, grunt_orc_community_house_3,
          grunt_orc_community_house_2, grunt_orc_community_house_1
Vaults:1: ontoclasm_vaults_ring_small, grunt_vaults_swirl,
          vaults_standard_mumra_lines, nicolae_vaults_double_plus_1,
          nicolae_vaults_cornered_office,
          nicolae_vaults_variable_pillar_hall_cross, v_pattern_4,
          nicolae_vaults_closet_pinwheel_2, nicolae_vaults_storage_closets_1,
          nicolae_vaults_tetromino_Z_1, nicolae_vaults_tetromino_T_1,
          nicolae_vaults_double_plus_1, layout_vaults_maze_snakey, serial_shops,
          nicolae_shop_back_alley_shop, uniq_zenata, uniq_asterion
Vaults:2: nicolae_vaults_sealed_display, nicolae_vaults_arrows,
          nicolae_vaults_murderbox, nicolae_vaults_sesquioval_fish,
          nicolae_vaults_storage_closets_2, nicolae_vaults_little_squares_4,
          minmay_crypt_entry_skeletal_spiral, nicolae_vaults_little_squares_5,
          nicolae_vaults_variable_pillar_hall, nicolae_vaults_little_squares_1,
          nicolae_vaults_storage_room_statues, nicolae_vaults_weapon_check,
          nicolae_vaults_alarming, vaults_room_hallway, layout_vaults_omnibox

Skill      XL: |  1  2  3  4  5  6  7  8  9 10 11 12 13 14 15 16 17 18 19 20 |
---------------+-------------------------------------------------------------+-----
Maces & Flails | 3 4 5 6 7 9 11 12 13 14 15 16 | 16.5
Armour         | 4 5 7 9 10 11 12 13 14 15 | 15.0
Fighting       | 4 7 9 11 12 14 16 18 | 18.3
Shields        | 4 6 7 8 9 10 12 15 17 18 | 18.0
Throwing       | 1 3 4 5 6 7 8 10 12 | 12.0
Invocations    | 2 4 5 6 7 9 10 11 | 11.8
Dodging        | 1 3 5 6 7 |  7.3
Evocations     | 2 |  2.4

Action                     |  1- 3 |  4- 6 |  7- 9 | 10-12 | 13-15 | 16-18 | 19-21 || total
---------------------------+-------+-------+-------+-------+-------+-------+-------++-------
  Melee: Flail             |   129 |    99 |   520 |   555 |       |       |       ||  1303
         Demon whip        |       |       |       |    85 |  1339 |  1114 |   667 ||  3205
         Scimitar          |       |       |       |       |    12 |       |       ||    12
  Throw: Boomerang         |       |       |    10 |    60 |    51 |   295 |    14 ||   430
         Throwing net      |       |       |       |     1 |       |       |       ||     1
         Javelin           |       |       |       |       |    26 |    37 |     1 ||    64
 Invoke: Heroism           |       |       |     4 |    11 |     7 |    13 |     3 ||    38
         Finesse           |       |       |       |     1 |     6 |     4 |     2 ||    13
         Receive Weapon    |       |       |       |     1 |       |       |       ||     1
         Receive Armour    |       |       |       |     1 |       |       |       ||     1
  Evoke: Wand              |       |       |       |     1 |       |       |       ||     1
    Use: Potion            |       |     1 |       |     9 |     2 |     3 |     2 ||    17
         Scroll            |       |       |    10 |     7 |     7 |     7 |     5 ||    36
   Stab: Held in net/web   |       |       |       |     2 |       |       |       ||     2
 Armour: Scale mail        |   124 |    33 |       |       |       |       |       ||   157
         Chain mail        |       |    58 |   341 |    34 |       |       |       ||   433
         Plate armour      |       |       |    32 |   329 |       |       |       ||   361
         Skin              |       |       |       |    12 |       |       |       ||    12
         Fire dragon scale |       |       |       |    54 |   696 |   741 |   329 ||  1820
  Dodge: Dodged            |    83 |    37 |   178 |   178 |   359 |   347 |   174 ||  1356
  Block: Buckler           |    35 |    28 |   101 |   131 |   130 |       |       ||   425
         Kite shield       |       |       |       |       |   180 |   471 |   232 ||   883
